AoeStats
← Agron7

Nomad

504352768Analyzed
4v4 RM · 27d ago on Sep 5, 2026· 54m 59s· 8 players
Game mode
Random Map
Map size
231×231
Population
200
Speed
Normal
Resources
Standard
Victory
Conquest
Starting age
Dark Age
Ending age
Imperial Age
RankedLock teamsTeams togetherTeam positionsShared explorationLock speedFull tech treeHidden civsTurbo modeCheats
Victory
Defeat
🇺🇸 Persians · United States
1126
+15
🇨🇱 Franks · Chile
1124
+15
🇳🇿 Huns · New Zealand
1101
+16
🇵🇪 Vietnamese · Peru
1099
+16
🇦🇷 Aztecs · Argentina
1149
-18
🇦🇷 Ethiopians · Argentina
1107
-16
🇧🇷 Bulgarians · Brazil
1090
-15
🇧🇷 Japanese · Brazil
1035
-13
MasTerBorN
4:30 Loom
15:19 Feudal Age
17:05 Arson
19:43 Forging
23:11 Scale Mail Armor
28:11 Castle Age
26:54 Horse Collar
28:20 Pikeman
29:01 Squires
28:47 Gambesons
32:19 Iron Casting
Delorean
3:32 Loom
14:03 Feudal Age
22:03 Castle Age
21:31 Scale Mail Armor
21:46 Double-Bit Axe
21:44 Horse Collar
22:16 Forging
26:50 Fishing Lines
30:53 Chain Mail Armor
31:29 Town Watch
32:21 Heavy Plow
32:16 Gillnets
33:58 Iron Casting
33:22 Eagle Warrior
35:01 Gold Mining
37:45 Wheelbarrow
37:21 Pikeman
38:02 Squires
37:51 Arson
40:10 Gold Shaft Mining
40:26 Fletching
41:48 Stone Mining
42:20 Hand Cart
49:23 Imperial Age
50:44 Plate Mail Armor
50:46 Conscription
51:00 Elite Jaguar Warrior
53:15 Blast Furnace
Jota
3:45 Loom
13:02 Feudal Age
18:07 Castle Age
17:03 Gold Mining
17:26 Fletching
17:41 Fletching
19:13 Bodkin Arrow
23:08 Crossbowman
24:48 Padded Archer Armor
28:29 Town Watch
32:51 Ballistics
38:05 Thumb Ring
38:58 Wheelbarrow
40:27 Horse Collar
40:35 Double-Bit Axe
41:26 Hand Cart
45:40 Imperial Age
45:46 Arbalester
46:50 Bracer
48:05 Chemistry
Led
3:43 Loom
15:17 Feudal Age
15:46 Double-Bit Axe
18:03 Wheelbarrow
19:53 Castle Age
18:36 Fishing Lines
19:02 Fletching
19:21 Gold Mining
20:21 Padded Archer Armor
21:46 Wheelbarrow
21:46 Bow Saw
21:30 Horse Collar
25:24 Husbandry
27:08 Scale Barding Armor
27:05 Bodkin Arrow
27:59 Leather Archer Armor
28:59 Chain Barding Armor
31:48 Hand Cart
31:39 Town Watch
38:22 Imperial Age
37:17 Gambesons
37:32 Squires
37:18 Arson
36:54 Man-at-Arms
37:47 Forging
37:37 Scale Mail Armor
39:44 Iron Casting
39:10 Scale Mail Armor
39:35 Town Patrol
39:16 Long Swordsman
41:28 Blast Furnace
40:44 Chain Mail Armor
40:11 Two-Handed Swordsman
40:30 Pikeman
41:50 Heavy Plow
41:53 Champion
42:05 Halberdier
44:39 Plate Mail Armor
45:04 Conscription
47:10 Two-Man Saw
46:21 Elite Samurai
oNLy-Bk
3:27 Loom
13:39 Feudal Age
14:28 Double-Bit Axe
22:48 Castle Age
22:13 Bloodlines
22:45 Forging
22:55 Fletching
27:41 Scale Barding Armor
43:05 Medium Warships
48:19 Town Watch
49:10 Wheelbarrow
49:34 Bow Saw
50:56 Wheelbarrow
54:09 Imperial Age
53:00 Iron Casting
53:20 Husbandry
54:06 Gold Mining
54:41 Chain Barding Armor
56:09 Two-Man Saw
Agron7
4:56 Loom
18:49 Feudal Age
25:47 Castle Age
24:09 Fletching
26:45 Double-Bit Axe
28:15 Bodkin Arrow
29:41 Wheelbarrow
31:21 Fishing Lines
36:05 Hand Cart
36:17 Town Watch
39:10 Bow Saw
42:08 Gillnets
43:23 Gold Mining
43:24 Stone Mining
51:15 Imperial Age
51:00 Ballistics
51:14 Elite Skirmisher
53:51 Chemistry
52:12 Imperial Skirmisher
53:13 Padded Archer Armor
53:45 Conscription
55:37 Leather Archer Armor
Jc
16:20 Feudal Age
17:10 Double-Bit Axe
17:10 Fishing Lines
17:23 Gold Mining
20:26 Wheelbarrow
20:40 Stone Mining
23:11 Castle Age
23:18 Loom
24:28 Hand Cart
24:12 Gillnets
24:43 Bow Saw
24:31 Town Watch
25:28 Stone Shaft Mining
24:38 Horse Collar
26:19 Heavy Plow
29:26 Medium Warships
32:38 Imperial Age
30:29 Scale Barding Armor
31:52 Chain Barding Armor
31:43 Forging
31:41 Chatras
33:08 Fletching
34:19 Iron Casting
34:20 Plate Barding Armor
34:07 Bodkin Arrow
34:58 Guilds
36:04 Hoardings
35:46 Bloodlines
35:36 Husbandry
36:07 Murder Holes
35:53 Treadmill Crane
36:42 Fortified Wall
36:37 Siege Engineers
37:59 Elite Battle Elephant
40:20 Bracer
43:56 Chemistry
43:17 Ballistics
43:01 Padded Archer Armor
46:26 Two-Man Saw
45:57 Crop Rotation
46:51 Leather Archer Armor
46:53 Scale Mail Armor
49:19 Paper Money
49:25 Paper Money
49:43 Crossbowman
50:29 Thumb Ring
49:54 Elite Skirmisher
50:43 Arbalester
51:57 Imperial Skirmisher
Icyriver
14:00 Feudal Age
14:44 Loom
17:16 Bloodlines
18:00 Scale Barding Armor
20:53 Castle Age
19:13 Forging
19:00 Horse Collar
21:44 Husbandry
21:48 Heavy Plow
25:19 Chain Barding Armor
27:38 Iron Casting
30:13 Wheelbarrow
34:46 Gold Mining
35:38 Light Cavalry
42:58 Gold Shaft Mining
56:44 Imperial Age
Connection lost

Rejoining the realm…

Still unreachable

The connection could not be restored.

Session expired

The server has moved on; the page needs a fresh start.